 Dungeon Crawl Stone Soup version 0.25.0-9-g26727b657a (webtiles) character file.

Game seed: 3648612947273933495

90 Froggeryz the Ruffian (level 4, -2/28 HPs)
             Began as a Gargoyle Monk on June 18, 2020.
             Was a Priest of Lugonu.
             Slain by an orc
             ... wielding a +0 trident
              (5 damage)
             ... on level 3 of the Dungeon.
             The game lasted 00:01:22 (1680 turns).

Froggeryz the Ruffian (Gargoyle Monk)               Turns: 1680, Time: 00:01:23

Health: -2/28      AC:  9    Str: 16    XL:     4   Next: 56%
Magic:  4/4        EV: 11    Int: 10    God:    Lugonu [***...]
Gold:   157        SH:  0    Dex: 12    Spells: 3/3 levels left

rFire    . . .     SeeInvis .     - Unarmed
rCold    . . .     Gourm    .   (no shield)
rNeg     + . .     Faith    .   h - +0 ring mail
rPois    ∞         Spirit   .   g - +0 helmet
rElec    +         Reflect  .   (no cloak)
rCorr    .         Harm     .   (no gloves)
MR       .....                  (no boots)
Stlth    +.........             (no amulet)
HPRegen  0.09/turn              (no ring)
MPRegen  0.09/turn              (no ring)

@: no status effects
A: negative energy resistance 1, electricity resistance, unbreathing,
petrification resistance, rot immunity, AC +3
a: Depart the Abyss, Bend Space, Banish, Renounce Religion


You were on level 3 of the Dungeon.
You worshipped Lugonu.
Lugonu was most pleased with you.
You were not hungry.

You visited 1 branch of the dungeon, and saw 3 of its levels.

You collected 157 gold pieces.

Inventory:

Armour
 g - a +0 helmet (worn)
 h - a +0 ring mail (worn)
Jewellery
 o - an uncursed amulet of the acrobat {unknown}
Wands
 n - a wand of polymorph (11)
Scrolls
 a - a scroll of remove curse {unknown}
 f - 2 scrolls of identify {unknown}
 i - 3 scrolls of teleportation {unknown}
 j - a scroll of blinking {unknown}
 k - 2 scrolls of fear {unknown}
 l - 2 scrolls of enchant weapon {unknown}
 m - a scroll of enchant armour {unknown}
Potions
 c - a potion of curing {unknown}
 e - 3 potions of ambrosia {unknown}
Comestibles
 b - 4 rations


   Skills:
 - Level 3.2 Fighting
 - Level 2.4 Dodging
 - Level 2.1 Stealth
 * Level 5.1 Unarmed Combat
 + Level 0.8 Invocations


You had 3 spell levels left.
You didn't know any spells.
Your spell library contained the following spells:

 Spells                   Type           Power        Failure   Level  Hunger
 Summon Lightning Spire   Summ/Air       #.......     100%        4    #####..
 Silence                  Hex/Air        #.........   100%        5    ######.
 Conjure Ball Lightning   Conj/Air       #.........   100%        6    #######
 Tornado                  Air            #.........   100%        9    #######


Dungeon Overview and Level Annotations

Branches:
Dungeon (3/15)

Altars:
Trog
Zin
Lugonu


Innate Abilities, Weirdness & Mutations

You are resistant to torment.
Your stone body is resilient. (AC +3)
You are immune to poison.
You resist negative energy. (rN+)
You are resistant to electric shocks. (rElec)
You can survive without breathing.
You are immune to petrification.
You are immune to rotting.


Message History

You are too injured to fight recklessly!
The orc shouts!
You hit the orc priest.
The orc priest is moderately wounded.
You hit the orc priest. You punch the orc priest.
The orc priest is heavily wounded.
The orc priest mumbles some strange prayers to Beogh against you.
Beogh smites you!
* * * LOW HITPOINT WARNING * * *
You hit the orc priest.
The orc priest is almost dead.
The orc priest hits you but does no damage.
The orc hits you but does no damage.
You punch the orc priest!
You kill the orc priest!
Lugonu accepts your kill.
Your Unarmed Combat skill increases to level 5!
The bat hits you but does no damage.
The orc hits you from afar with a +0 trident.
You die...

###### #....# #.##.#
### #.##.# #....
#.#####<##.###oo....
#...........@)boo...
.)......############
..#######


You could see 4 orcs and a bat.

Vanquished Creatures
  An orc priest (D:3)
  A worker ant (D:2)
  2 adders (D:2)
  A ball python (D:2)
  A bat (D:2)
  A giant cockroach (D:2)
  4 hobgoblins
  4 kobolds (D:1)
  A frilled lizard (D:1)
  2 goblins
  5 rats
23 creatures vanquished.

Notes
Turn   | Place    | Note
-------+----------+-------------------------------------------
     0 | D:1      | Froggeryz the Gargoyle Monk began the quest for the Orb.
     0 | D:1      | Reached XP level 1. HP: 14/14 MP: 1/1
   211 | D:1      | Reached XP level 2. HP: 19/19 MP: 2/2
   967 | D:2      | Reached skill level 4 in Unarmed Combat
   967 | D:2      | Reached XP level 3. HP: 12/23 MP: 3/3
  1201 | D:2      | Found a faded altar of an unknown god.
  1311 | D:2      | Became a worshipper of Lugonu the Unformed
  1311 | D:2      | Reached * piety under Lugonu
  1311 | D:2      | Reached ** piety under Lugonu
  1311 | D:2      | Reached *** piety under Lugonu
  1357 | D:2      | Reached XP level 4. HP: 23/28 MP: 4/4
  1415 | D:2      | Found a glowing silver altar of Zin.
  1579 | D:2      | Found a bloodstained altar of Trog.
  1680 | D:3      | Reached skill level 5 in Unarmed Combat
  1680 | D:3      | Slain by an orc

Illustrated notes

Levels and vault maps discovered:
D:1:      dpeg_arrival_three_bigger_balls, layout_loops_ring, hex_tiny
D:2:      layout_basic, lightli_temple_of_fire, zin_academy,
          chequers_ecumenical_altar_lobes
D:3:      layout_loops_ring, ashenzari_conservatory_becter, old_standard_altar,
          uniq_grinder, uniq_ijyb, uniq_crazy_yiuf_cottage

Skill      XL: |  1  2  3  4 |
---------------+-------------+-----
Unarmed Combat | 4 5 |  5.1
Fighting       | |  3.2
Dodging        | |  2.4
Stealth        | |  2.1
Invocations    | |  0.8

Action                   |  1- 3 |  4- 6 || total
-------------------------+-------+-------++-------
Melee: Unarmed           |    97 |    11 ||   108
       Punch             |       |     1 ||     1
 Stab: Sleeping          |     2 |       ||     2
  Eat: Chunk             |     1 |     1 ||     2
Armor: Leather armour    |     7 |       ||     7
       Ring mail         |    25 |    11 ||    36
Dodge: Dodged            |    45 |     8 ||    53
